 Dungeon Crawl Stone Soup version 0.27-a0-1191-g601b473118 (webtiles) character file.

Game seed: 5541867663071022341

1336 siradein the Grappler (level 8, 0/75 HPs)
             Began as a Troll Monk on May 24, 2021.
             Was a Believer of Wu Jian.
             Slain by a killer bee (3 damage)
             ... on level 5 of the Dungeon.
             The game lasted 00:06:10 (3502 turns).

siradein the Grappler (Troll Monk)                  Turns: 3502, Time: 00:06:10

Health: 0/75       AC:  4    Str: 20    XL:     8   Next: 35%
Magic:  7/7        EV: 11    Int:  6    God:    Wu Jian [**....]
Gold:   240        SH:  0    Dex: 14    Spells: 7/7 levels left

rFire    . . .     SeeInvis .     - Unarmed
rCold    . . .     Faith    .   (no shield)
rNeg     + . .     Spirit   .   a - +0 robe
rPois    .         Reflect  .   (helmet restricted)
rElec    .         Harm     .   (no cloak)
rCorr    .         Rampage  .   (gloves unavailable)
Will     .....                  (boots unavailable)
Stlth    ++........             d - amulet of regeneration
HPRegen  2.22/turn              v - ring of positive energy
MPRegen  0.10/turn              (no ring)

@: lethally poisoned (0 -> -1), attractive
A: large, unfitting armour, claws 3, regeneration 1, shaggy fur 1, tough skin 1
a: Renounce Religion, Wall Jump


You were on level 5 of the Dungeon.
You worshipped Wu Jian.
Wu Jian was pleased with you.
You visited 2 branches of the dungeon, and saw 6 of its levels.

You collected 240 gold pieces.

Inventory:

Missiles
 l - 39 poisoned darts (quivered)
Armour
 a - a +0 robe (worn)
Jewellery
 d - an amulet of regeneration (around neck)
 m - a ring of ice
 t - an amulet of the acrobat
 v - a ring of positive energy (left claw)
 w - a ring of wizardry
 x - an amulet of faith
Scrolls
 b - a scroll of vulnerability {unknown}
 e - 2 scrolls of teleportation {unknown}
 f - a scroll of acquirement {unknown}
 g - 3 scrolls of fear {unknown}
 h - 3 scrolls of silence {unknown}
 j - 2 scrolls of magic mapping {unknown}
 k - a scroll of identify {unknown}
 p - a scroll of noise {unknown}
 q - a scroll of torment {unknown}
 s - a scroll of enchant armour {unknown}
Potions
 c - 2 potions of attraction
 i - 2 potions of mutation {unknown}
 n - a potion of haste {unknown}
 o - a potion of cancellation {unknown}
 r - a potion of magic {unknown}
 u - a potion of degeneration {unknown}


   Skills:
 + Level 3.3 Fighting
 + Level 2.1 Throwing
 + Level 3.4 Dodging
 - Level 1.0 Stealth
 * Level 9.5 Unarmed Combat


You had 7 spell levels left.
You didn't know any spells.
Your spell library contained the following spells:

 Spells                   Type           Power      Damage    Failure   Level
 Animate Skeleton         Necr           0%         N/A       45%         1
 Apportation              Tloc           0%         N/A       45%         1
 Corona                   Hex            0%         N/A       45%         1
 Summon Small Mammal      Summ           0%         N/A       45%         1
 Ensorcelled Hibernation  Hex/Ice        0%         N/A       58%         2
 Confusing Touch          Hex            0%         N/A       83%         3
 Dazzling Flash           Conj/Hex       0%         N/A       83%         3
 Tukima's Dance           Hex            0%         N/A       83%         3


Dungeon Overview and Level Annotations

Branches:
Dungeon (5/15)             Temple (1/1) D:5

Altars:
Ashenzari
Cheibriados
Dithmenos
Fedhas
Gozag
Hepliaklqana
Kikubaaqudgha
Nemelex Xobeh
Okawaru
Ru
Sif Muna
Trog
Uskayaw
Vehumet
Wu Jian
Xom
Yredelemnul
Beogh

Shops:
D:5 *

Annotations:
D:3 3 runed translucent doors, Drazool's ghost, amateur GrFi


Innate Abilities, Weirdness & Mutations

You are too large for most types of armour.
You have claws for hands.
Your natural rate of healing is unusually fast.
You are covered in fur. (AC +1)
You have tough skin. (AC +1)


Message History

The killer bee poisons you! The killer bee stings you.
You are more poisoned.
The killer bee poisons you! The killer bee closely misses you.
The killer bee stings you but does no damage.
The killer bee stings you. The killer bee barely misses you.
The killer bee stings you! The killer bee stings you.
* * * LOW HITPOINT WARNING * * *
You are more poisoned.
The killer bee poisons you! The killer bee stings you.
* * * LOW HITPOINT WARNING * * *
You are more poisoned.
The killer bee poisons you!
You spin and attack the killer bee.
You completely miss the killer bee. Your claw misses the killer bee.
The killer bee is almost dead.
* * * LOW HITPOINT WARNING * * *
You feel extremely sick. The killer bee barely misses you.
The killer bee closely misses you. x2
The killer bee barely misses you.
* * * LOW HITPOINT WARNING * * *
You feel very sick.
Unknown command.
Aiming: Wall Jump
Press: ? - help, Dir - move target You repeatedly attack the killer bee from above.
You claw the killer bee!
The killer bee is almost dead.
You barely miss the killer bee.
The killer bee is almost dead.
You barely miss the killer bee.
The killer bee is almost dead.
* * * LOW HITPOINT WARNING * * *
You feel extremely sick. The killer bee misses you. The killer bee stings you.
* * * LOW HITPOINT WARNING * * *
The killer bee stings you but does no damage.
It was a potion of attraction.
You feel attractive to monsters.
You feel sick. The killer bee barely misses you. The killer bee stings you.
You die...

#...###.......
#...# #.......
#####...###.......
#.................
#.####.#####.#####
#.# #.#####.# #.#
#.......#
#.############
#@y†........
#y#†..#...#.
#y..........
###...#...#.
#..........
###########


You could see 3 killer bees.

Vanquished Creatures
  Eustachio (D:4)
  Menkaure (D:4)
  A water moccasin (D:5)
  An ogre (D:5)
  A sky beast (D:5)
  An ice beast (D:5)
  A centaur (D:5)
  2 scorpions (D:4)
  2 killer bees (D:5)
  A jelly (D:5)
  Jessica (D:3)
  Natasha (thrice) (D:4)
  3 iguanas
  2 howler monkey zombies (D:5)
  4 gnolls (D:2)
  4 adders
  A white imp (D:5)
  An ufetubus (D:5)
  A worm (D:2)
  6 dart slugs
  3 orcs (D:4)
  6 ball pythons
  5 endoplasms
  5 giant cockroaches
  5 goblins
  10 hobgoblins
  12 jackals
  5 kobolds
  3 quokkas
  6 bats
  A frilled lizard (D:2)
  8 rats
107 creatures vanquished.

Notes
Turn   | Place    | Note
-------+----------+-------------------------------------------
     0 | D:1      | siradein the Troll Monk began the quest for the Orb.
     0 | D:1      | Reached XP level 1. HP: 22/22 MP: 0/0
    90 | D:1      | Reached XP level 2. HP: 29/29 MP: 1/1
   125 | D:1      | Found a faded altar of an unknown god.
   294 | D:1      | Reached skill level 4 in Unarmed Combat
   464 | D:1      | Reached XP level 3. HP: 28/36 MP: 2/2
   929 | D:2      | Reached XP level 4. HP: 42/44 MP: 3/3
   931 | D:2      | Reached skill level 5 in Unarmed Combat
   975 | D:2      | Found a hazy altar of Hepliaklqana.
  1221 | D:2      | Reached XP level 5. HP: 46/50 MP: 4/4
  1329 | D:3      | Noticed Jessica
  1331 | D:3      | Killed Jessica
  1332 | D:3      | Reached skill level 6 in Unarmed Combat
  1720 | D:3      | Found a shimmering blue altar of Sif Muna.
  2035 | D:3      | Found a runed translucent gate.
  2035 | D:3      | Found a runed translucent gate.
  2035 | D:3      | Noticed Drazool's ghost (amateur GrFi)
  2036 | D:3      | Found a runed translucent gate.
  2037 | D:3      | Identified the +6 dagger "Rodghycea" {vorpal, rElec rPois
                  | Str-2}
  2037 | D:3      | Identified the +4 leather armour "Damnable Contraption"
                  | {rElec rF- Dex+3 SInv}
  2162 | D:4      | Noticed Menkaure
  2171 | D:4      | Killed Menkaure
  2172 | D:4      | Reached skill level 7 in Unarmed Combat
  2172 | D:4      | Reached XP level 6. HP: 59/59 MP: 5/5
  2197 | D:4      | Noticed Natasha
  2203 | D:4      | Killed Natasha
  2268 | D:4      | Noticed Natasha
  2275 | D:4      | Killed Natasha
  2359 | D:4      | Noticed Eustachio
  2367 | D:4      | Killed Eustachio
  2368 | D:4      | Reached skill level 8 in Unarmed Combat
  2368 | D:4      | Reached XP level 7. HP: 66/66 MP: 6/6
  2418 | D:4      | Noticed Natasha
  2427 | D:4      | Killed Natasha
  2795 | D:5      | Entered Level 5 of the Dungeon
  2918 | D:5      | Reached skill level 1 in Throwing
  2918 | D:5      | Reached skill level 9 in Unarmed Combat
  2974 | D:5      | Reached XP level 8. HP: 52/75 MP: 7/7
  3197 | D:5      | Found a staircase to the Ecumenical Temple.
  3221 | Temple   | Entered the Ecumenical Temple
  3413 | Temple   | Became a worshipper of the Wu Jian Council
  3413 | Temple   | Reached * piety under Wu Jian
  3413 | Temple   | Reached ** piety under Wu Jian
  3447 | D:5      | Found Gahox's Assorted Antiques.
  3501 | D:5      | HP: 2/75 [killer bee (2)]
  3502 | D:5      | Slain by a killer bee

Illustrated notes

Levels and vault maps discovered:
D:1:      lemuel_arrival_hallway, layout_rooms,
          shapermc_ecumenical_altar_notcrosses
D:2:      minmay_angry_zag, layout_loops_cross, basic_altar,
          kennysheep_pointless_box, kennysheep_generic_room_11
D:3:      layout_basic, amcnicky_altar_gilded, biasface_ghost_orc_armoury,
          uniq_jessica
D:4:      layout_loops_cross, grunt_ministairs_12,
          chequers_serial_rivers_large_a, uniq_menkaure, uniq_natasha,
          uniq_eustachio
D:5:      layout_loops_cross, nicolae_elyvilon_temple_path,
          lemuel_coloured_pillars_altar, minmay_temple_entry_grid, serial_shops,
          shop_fountains, dk_rats_in_the_wall
Temple:   eino_temple_rhombus

Skill      XL: |  1  2  3  4  5  6  7  8 |
---------------+-------------------------+-----
Unarmed Combat | 4 5 7 8 9 |  9.5
Throwing       | 1 2 |  2.1
Fighting       | 3 |  3.3
Dodging        | 3 |  3.4
Stealth        | |  1.0

Action                   |  1- 3 |  4- 6 |  7- 9 || total
-------------------------+-------+-------+-------++-------
Melee: Unarmed           |    84 |   110 |    82 ||   276
       Punch             |     3 |     9 |     2 ||    14
Invok: Whirlwind         |       |       |     5 ||     5
 Abil: Wall Jump         |       |       |     4 ||     4
  Use: Potion            |       |       |     1 ||     1
 Stab: Sleeping          |     1 |       |     1 ||     2
Armor: Robe              |    27 |    23 |    20 ||    70
Dodge: Dodged            |    64 |    43 |    41 ||   148

Table legend: (Time is in decaauts)
 A = Elapsed time spent in this place.
 B = Non-inter-level travel time spent in this place.
 C = Inter-level travel time spent in this place.
 D = Time resting spent in this place.
 E = Time spent auto-exploring this place.
 F = Levels seen in this place.
 G = Mean time per level.
                   A        B        C        D        E       F      G
               +--------+--------+--------+--------+--------+-----+--------+
         Total |   3486 |   3363 |    123 |      2 |   2720 |   6 |  581.0 |
       Dungeon |   3278 |   3155 |    123 |      2 |   2538 |   5 |  655.6 |
        Temple |    207 |    207 |      0 |      0 |    182 |   1 |  207.0 |
               +--------+--------+--------+--------+--------+-----+--------+

Top non-repeatable levels by time:
     D:3: 789 daAuts
     D:2: 774 daAuts
     D:4: 682 daAuts
     D:1: 537 daAuts
     D:5: 494 daAuts
  Temple: 207 daAuts
